 Dungeon Crawl Stone Soup version 0.32-a0-675-gdc239d62e1 (webtiles) character file.

Game seed: 9044713820706942744

310 Fodor the Shield-Bearer (level 6, -2/53 HPs)
             Began as a Minotaur Fighter on Mar 11, 2024.
             Slain by an ogre
             ... wielding a +0 giant spiked club
              (27 damage)
             ... on level 4 of the Dungeon.
             The game lasted 00:08:22 (2614 turns).

Fodor the Shield-Bearer (Minotaur Fighter)          Turns: 2614, Time: 00:08:22

Health: -2/53      AC:  9    Str: 23    XL:     6   Next: 18%
Magic:  5/5        EV:  8    Int:  5    God:
Gold:   165        SH:  4    Dex:  9    Spells: 5/5 levels left

rFire   . . .        a - +0 war axe
rCold   . . .        c - +0 buckler
rNeg    . . .        b - +0 chain mail
rPois   .            (helmet restricted)
rElec   .            (no cloak)
rCorr   .            (no gloves)
SInv    .            (no boots)
Will    .....        (no amulet) Stlth
                     (no ring)
HPRegen 0.28/turn    (no ring)
MPRegen 0.09/turn

%: no passive effects
@: no status effects
A: horns 2, retaliatory headbutt
a: no special abilities


You were on level 4 of the Dungeon.
You visited 1 branch of the dungeon, and saw 4 of its levels.

You collected 165 gold pieces.

Inventory:

Hand Weapons
 a - a +0 war axe (weapon)
Missiles
 t - a boomerang (quivered)
Armour
 b - a +0 chain mail (worn)
 c - a +0 buckler (worn)
Jewellery
 i - a ring of protection from fire
 o - a ring of magical power
 r - a +6 ring of intelligence
 u - a +6 ring of strength
Wands
 m - a wand of polymorph (9)
Scrolls
 e - 3 scrolls of fog {unknown}
 f - 2 scrolls of immolation {unknown}
 g - a scroll of enchant armour {unknown}
 h - 2 scrolls of identify {unknown}
 j - 3 scrolls of teleportation {unknown}
 p - a scroll of blinking {unknown}
 q - a scroll of revelation {unknown}
 v - a scroll of vulnerability {unknown}
 w - a scroll of amnesia {unknown}
Potions
 d - a potion of might
 k - a potion of ambrosia {unknown}
 l - 2 potions of invisibility {unknown}
 n - a potion of heal wounds {unknown}
 s - a potion of curing {unknown}


   Skills:
 + Level 4.6 Fighting
 + Level 5.1 Axes
 + Level 4.8 Armour
 + Level 1.0 Dodging
 + Level 0.2 Stealth
 + Level 5.2 Shields


You had 5 spell levels left.
You didn't know any spells.
Your spell library contained the following spells:

 Spells                   Type           Power      Damage    Failure   Level
 Hailstorm                Conj/Ice       0%         3d5       100%        3
 Summon Ice Beast         Ice/Summ       0%         N/A       100%        3
 Sculpt Simulacrum        Ice/Alch       0%         N/A       100%        6


Dungeon Overview and Level Annotations

Branches:
Dungeon (4/15)
 Temple: D:4-7

Altars:
Ashenzari
Dithmenos

Shops:
D:1 :


Innate Abilities, Weirdness & Mutations

You have a pair of horns on your head.
You reflexively headbutt those who attack you in melee.


Message History

A goblin comes into view. It is wielding a +0 club.
The goblin shouts!
There is a stone staircase leading down here.
The goblin closely misses you.
You completely miss the goblin. You headbutt the goblin.
You kill the goblin!
You block the goblin's attack.
You slash the goblin!
You kill the goblin!
Things that are here:
a +0 club; a +0 club; a goblin corpse
Found a sling.
You see here a +0 sling.
A ball python comes into view.
The ball python hisses angrily.
An ogre comes into view. It is wielding a +0 giant spiked club.
Found 5 gold pieces.
Found a broken altar of Ashenzari.
The ogre shouts!
The ogre hits you with a +0 giant spiked club!
The ball python bites you. The ball python barely misses you.
The ball python barely misses you. The ball python closely misses you.
The ball python attacks as it pursues you!
The ball python completely misses you. You furiously retaliate!
You headbutt the ball python!
You kill the ball python!
The ogre attacks as it pursues you!
The ogre hits you with a +0 giant spiked club!!
You slash the ogre!
The ogre is heavily wounded.
You barely miss the ogre. You headbutt the ogre.
The ogre is severely wounded.
The ogre barely misses you.
You hit the ogre.
The ogre is severely wounded.
The ogre closely misses you.
You hit the ogre but do no damage.
The ogre is severely wounded.
The ogre hits you with a +0 giant spiked club!!
Ouch! That really hurt!
You die...

#.# .. #.# .. #.#
#. ##.#######
##.##
####........#...
##...#
#..)..........#.
#.....
#.##.###.##.#...
#....#####.##.#
#.##.####
##.#..#.†.O@..##.#
#)##.#
........########.#
#.##.# ....###.#
#.# #>##.#
#_#####.# #.#
#.##.# .... ##..
#.# #.##.# ...
..$.#
#.###.##.#### .#
###... #......#..
#### #(...#...#
#......###


You could see an ogre.

Vanquished Creatures
  A scorpion (D:4)
  An orc priest (D:3)
  An iguana (D:4)
  Natasha (thrice) (D:2)
  Robin (D:2)
  2 adders
  A dart slug (D:3)
  4 orcs (D:3)
  6 endoplasms
  12 giant cockroaches
  13 goblins
  8 hobgoblins
  5 jackals (D:1)
  4 kobolds
  5 ball pythons
  7 bats
  A frilled lizard (D:1)
  A rat (D:1)
76 creatures vanquished.

Notes
Turn   | Place    | Note
-------+----------+-------------------------------------------
     0 | D:1      | Fodor the Minotaur Fighter began the quest for the Orb.
     0 | D:1      | Reached XP level 1. HP: 19/19 MP: 0/0
    57 | D:1      | Found Daatz's Book Emporium.
   116 | D:1      | Reached XP level 2. HP: 27/27 MP: 1/1
   435 | D:1      | Reached XP level 3. HP: 25/33 MP: 2/2
   942 | D:2      | Noticed Robin
   966 | D:2      | Killed Robin
  1121 | D:2      | Reached XP level 4. HP: 41/41 MP: 3/3
  1425 | D:2      | Found a shadowy altar of Dithmenos.
  1425 | D:2      | Noticed Natasha
  1435 | D:2      | Killed Natasha
  1560 | D:2      | Noticed Natasha
  1563 | D:2      | Killed Natasha
  1835 | D:2      | Noticed Natasha
  1845 | D:2      | Killed Natasha
  1846 | D:2      | Reached XP level 5. HP: 32/47 MP: 4/4
  2248 | D:3      | Reached skill level 5 in Shields
  2517 | D:4      | Reached skill level 5 in Axes
  2517 | D:4      | Reached skill level 1 in Dodging
  2517 | D:4      | Reached XP level 6. HP: 47/53 MP: 5/5
  2605 | D:4      | Found a broken altar of Ashenzari.
  2614 | D:4      | Slain by an ogre

Illustrated notes

Levels and vault maps discovered:
D:1:      psy_arrival_terrarium, layout_loops_cross, serial_shops,
          nicolae_shop_hallway_plus, serial_glass, glass_columns_a,
          glass_columns_b, minmay_strange_pillars, feat_on_display
D:2:      minmay_roachtagon, layout_basic, basic_altar, uniq_robin, uniq_natasha
D:3:      layout_rooms
D:4:      layout_loops_ring, cheibrodos_ashenzari_chains,
          nicolae_shop_overcharged_wands

Skill      XL: |  1  2  3  4  5 |
---------------+----------------+-----
Fighting       | 4 |  4.6
Shields        | 4 5 |  5.2
Armour         | 4 |  4.8
Axes           | 3 4 5 |  5.1
Dodging        | 1 |  1.0
Stealth        | |  0.2

Action                     |  1- 3 |  4- 6 || total
---------------------------+-------+-------++-------
  Melee: War axe           |    82 |    74 ||   156
         Headbutt          |    10 |    11 ||    21
 Armour: Scale mail        |    42 |       ||    42
         Chain mail        |    25 |    56 ||    81
  Dodge: Dodged            |    44 |    39 ||    83
  Block: Buckler           |    29 |    16 ||    45

Table legend: (Time is in decaauts)
 A = Elapsed time spent in this place.
 B = Non-inter-level travel time spent in this place.
 C = Inter-level travel time spent in this place.
 D = Time resting spent in this place.
 E = Time spent auto-exploring this place.
 F = Levels seen in this place.
 G = Mean time per level.
                   A        B        C        D        E       F      G
               +--------+--------+--------+--------+--------+-----+--------+
         Total |   2677 |   2598 |     79 |    162 |   1758 |   4 |  669.2 |
       Dungeon |   2677 |   2598 |     79 |    162 |   1758 |   4 |  669.2 |
               +--------+--------+--------+--------+--------+-----+--------+

Top non-repeatable levels by time:
     D:2: 1269 daAuts
     D:1: 720 daAuts
     D:3: 509 daAuts
     D:4: 178 daAuts
